[Event "Titled Tuesday Blitz November 14 Late 2023"]
[White "Pesotskiy, Mikhail"]
[Black "Minina, Veronika"]
[WhiteFideId "34164453"]
[BlackFideId "4174780"]
[WhiteElo "2505"]
[BlackElo "2298"]
[Result "1-0"]
[Round "2"]
[TimeControl "180+1"]
[Date "2023.11.14"]
[WhiteClock "0:01:26"]
[BlackClock "0:00:14"]
[Board "136"]

1. c4 Nf6 2. d4 g6 3. Nc3 Bg7 4. e4 d6 5. f3 O-O 6. Be3 c5 7. dxc5 dxc5 8. Qxd8 Rxd8 9. Bxc5 Nc6 10. Nge2 Nd7 11. Be3 Nde5 12. Nf4 Nb4 13. Rc1 g5 14. Nfd5 Ned3+ 15. Bxd3 Nxd3+ 16. Ke2 Nxc1+ 17. Rxc1 e6 18. Bxg5 exd5 19. Bxd8 dxe4 20. Nxe4 Bxb2 21. Rb1 Be5 22. Bf6 Bxh2 23. g3 Bf5 24. Bh4 Re8 25. Rh1 Bg6 26. Kf2 Bxe4 27. fxe4 Rxe4 28. Rxh2 Rxc4 29. Kf3 Kg7 30. Rd2 b5 31. Be7 a5 32. Rd5 Rc7 33. Bd6 Rb7 34. Kf4 Kf6 35. Be5+ Ke6 36. Rd6+ Ke7 37. Ra6 a4 38. Kf5 b4 39. Rxa4 b3 40. axb3 Rxb3 41. Ra7+ Kf8 42. Bf6 Rb5+ 43. Kg4 Rb4+ 44. Kg5 Rb5+ 45. Kh6 Rb8 46. Kxh7 Ke8 47. g4 Kf8 48. g5 Ke8 49. Kg7 Rc8 50. Re7+ Kd8 51. Rxf7+ Ke8 52. Rf8+ Kd7 53. Rxc8 Kxc8 54. Kf7 Kd7 55. g6 1-0


[Site "https://www.chess.com"]

[Event "Titled Tuesday Blitz November 14 Late 2023"]
[White "Huda, Maryana"]
[Black "Urbina Perez, Juan Antonio"]
[WhiteFideId "14116553"]
[BlackFideId "2217368"]
[WhiteElo "2293"]
[BlackElo "2505"]
[Result "1-0"]
[Round "2"]
[TimeControl "180+1"]
[Date "2023.11.14"]
[WhiteClock "0:00:17"]
[BlackClock "0:00:15"]
[Board "137"]

1. d4 d5 2. Nf3 e6 3. c4 a6 4. e3 Nf6 5. Nc3 b6 6. b3 Bb7 7. Bb2 Nbd7 8. Bd3 Bd6 9. O-O O-O 10. Qe2 Ne4 11. Rac1 f5 12. Nd2 Rf6 13. f3 Nxd2 14. Qxd2 Rh6 15. f4 Nf6 16. cxd5 Nxd5 17. Nxd5 Bxd5 18. Bc4 Be4 19. Bd3 Bb7 20. Qf2 Rg6 21. g3 h5 22. Be2 h4 23. Bf3 hxg3 24. hxg3 Be4 25. Bxe4 fxe4 26. Kg2 Qe7 27. Rh1 Kf7 28. Qe2 Rf6 29. Qh5+ Rg6 30. d5 Rf8 31. dxe6+ Qxe6 32. f5 Qd5 33. fxg6+ Ke6 34. Qxd5+ Kxd5 35. Rhd1+ Ke6 36. Rxd6+ cxd6 37. Bxg7 Rg8 38. Bd4 Rxg6 39. Bxb6 Rg8 40. Bd4 Rb8 41. Rc6 a5 42. Ra6 Rb5 43. a4 Rxb3 44. Rxa5 d5 45. Ra6+ Kf5 46. Kh3 Rb1 47. g4+ Kg5 48. Bf6+ Kg6 49. Bh4+ Kg7 50. Kg3 Re1 51. Kf4 Rf1+ 52. Ke5 Rf3 53. Bg5 Rg3 54. Bf4 Rxg4 55. Kxd5 Rg1 56. Kxe4 Rd1 57. Rd6 Ra1 58. Be5+ Kf7 59. Bxa1 1-0


[Site "https://www.chess.com"]

[Event "Titled Tuesday Blitz November 14 Late 2023"]
[White "Kuegel, Tobias"]
[Black "Quirke, Jeffrey"]
[WhiteFideId "4636295"]
[BlackFideId "2013029"]
[WhiteElo "2505"]
[BlackElo "2285"]
[Result "1-0"]
[Round "2"]
[TimeControl "180+1"]
[Date "2023.11.14"]
[WhiteClock "0:00:04"]
[BlackClock "0:00:00"]
[Board "138"]

1. e4 e6 2. d4 d5 3. Nc3 Nf6 4. Bg5 h6 5. Bxf6 Qxf6 6. exd5 Bb4 7. Ne2 exd5 8. a3 Bxc3+ 9. Nxc3 c6 10. Qe2+ Be6 11. O-O-O O-O 12. Qd2 Nd7 13. Bd3 Rfe8 14. Ne2 Bf5 15. Bxf5 Qxf5 16. Ng3 Qg5 17. Rhe1 Qxd2+ 18. Kxd2 g6 19. f3 Kf8 20. Ne2 Nb6 21. b3 Nc8 22. Nf4 Nd6 23. c3 a5 24. a4 Rxe1 25. Rxe1 Re8 26. Rxe8+ Kxe8 27. Nd3 Ke7 28. Ne5 Ke6 29. Kd3 g5 30. Ng4 h5 31. Ne3 f6 32. c4 h4 33. c5 Nf5 34. Nc2 h3 35. gxh3 Nh4 36. Ke3 Kf5 37. b4 axb4 38. Nxb4 Ng6 39. a5 Ne7 40. a6 bxa6 41. Nxa6 Ke6 42. Nb8 Kf5 43. Kd3 Kf4 44. Ke2 f5 45. Kf2 g4 46. fxg4 fxg4 47. h4 Ke4 48. h5 Kf5 49. Kg3 Kg5 50. h6 Kxh6 51. Kxg4 Kg6 52. Kf4 Kf6 53. h3 Ng6+ 54. Kg4 Ne7 55. h4 Kg6 56. Kf4 Kf6 57. h5 Ke6 58. Kg5 Nf5 59. Nxc6 1-0


[Site "https://www.chess.com"]

[Event "Titled Tuesday Blitz November 14 Late 2023"]
[White "Kanyamarala, Tarun"]
[Black "Senft, Sean"]
[WhiteFideId "45004714"]
[BlackFideId "2044960"]
[WhiteElo "2504"]
[BlackElo "2283"]
[Result "1-0"]
[Round "2"]
[TimeControl "180+1"]
[Date "2023.11.14"]
[WhiteClock "0:00:08"]
[BlackClock "0:00:06"]
[Board "139"]

1. d4 d5 2. Nc3 Nf6 3. Bf4 c6 4. e3 Bf5 5. f3 e6 6. g4 Bg6 7. Bd3 Bxd3 8. Qxd3 Nbd7 9. Nge2 Be7 10. h4 Qb6 11. Kf2 O-O 12. h5 Ne8 13. g5 Bd6 14. g6 h6 15. gxf7+ Rxf7 16. Rhg1 Bxf4 17. Nxf4 e5 18. Nfxd5 cxd5 19. Nxd5 Qc6 20. c4 Ndf6 21. Rg6 e4 22. Qb3 Qd6 23. f4 Qf8 24. Nc3 Nxh5 25. c5 Kh7 26. Rag1 Nef6 27. Qe6 Re8 28. Qf5 Kh8 29. Ke2 Qe7 30. Rh1 Qd7 31. Rxh5 Nxh5 32. Qxh5 Re6 33. Rg1 Ref6 34. Kd2 Qe8 35. Qd5 b6 36. b4 bxc5 37. bxc5 Ra6 38. Rb1 Rd7 39. Qe5 Qd8 40. Rb8 Kh7 41. Rxd8 Rxd8 42. Qf5+ Kh8 43. Qxe4 Rb8 44. Qc2 Rg6 45. Kd3 Re8 46. d5 Rg3 47. Qd2 h5 48. d6 h4 49. c6 h3 50. d7 Rg8 51. c7 Rg2 52. Qd1 h2 53. Qh1 1-0


[Site "https://www.chess.com"]

[Event "Titled Tuesday Blitz November 14 Late 2023"]
[White "Osmak, Yuliia"]
[Black "Cardozo Munar, Carlos Eduardo"]
[WhiteFideId "14101602"]
[BlackFideId "4409477"]
[WhiteElo "2504"]
[BlackElo "2282"]
[Result "1/2-1/2"]
[Round "2"]
[TimeControl "180+1"]
[Date "2023.11.14"]
[WhiteClock "0:00:10"]
[BlackClock "0:00:25"]
[Board "140"]

1. e4 e6 2. d4 d5 3. exd5 exd5 4. Nf3 Bd6 5. Bd3 Ne7 6. O-O O-O 7. Re1 Nbc6 8. c3 Bf5 9. Bf1 a6 10. Bg5 Qd7 11. Ne5 Nxe5 12. dxe5 Bc5 13. Nd2 c6 14. Nb3 Ba7 15. Nd4 Bg4 16. Qd2 Ng6 17. h3 Be6 18. Be3 c5 19. Nb3 Rac8 20. f4 b5 21. g4 d4 22. cxd4 Bxb3 23. axb3 cxd4 24. Rxa6 Rfd8 25. Bf2 Qb7 26. Rea1 Bc5 27. Bg2 Qe7 28. Ra8 d3 29. Rxc8 Rxc8 30. Qxd3 Bxf2+ 31. Kxf2 Nxf4 32. Qf5 Qc5+ 33. Kg3 Ng6 34. Qxc8+ Qxc8 35. Ra8 Qxa8 36. Bxa8 Nxe5 37. Kf4 Nd3+ 38. Ke3 Nxb2 39. Kd2 Na4 40. bxa4 bxa4 41. Kc3 g6 42. g5 Kg7 43. Kb4 f6 44. gxf6+ Kxf6 45. Kxa4 Kg5 46. Kb3 Kh4 47. Bg2 h5 48. Kc4 g5 49. Kd4 g4 50. hxg4 hxg4 51. Ke3 Kg3 52. Be4 Kh2 53. Kf2 g3+ 54. Kf1 Kh3 55. Bg2+ Kg4 56. Bh1 Kf4 57. Bg2 Kg4 58. Bh1 Kh3 59. Bg2+ Kh2 60. Bf3 Kh3 61. Bg2+ 1/2-1/2


[Site "https://www.chess.com"]

[Event "Titled Tuesday Blitz November 14 Late 2023"]
[White "FM_Kappeler"]
[Black "Ballester Llagaria, Luis Eduardo"]
[BlackFideId "2297620"]
[WhiteElo "2278"]
[BlackElo "2503"]
[Result "1-0"]
[Round "2"]
[TimeControl "180+1"]
[Date "2023.11.14"]
[WhiteClock "0:00:07"]
[BlackClock "0:00:02"]
[Board "141"]

1. d4 d5 2. c4 dxc4 3. e3 Nf6 4. Bxc4 e6 5. Nf3 a6 6. O-O b5 7. Bd3 Bb7 8. Qe2 c5 9. Rd1 Nbd7 10. Nc3 Qc7 11. a3 cxd4 12. exd4 Be7 13. Bg5 O-O 14. Rac1 Qb6 15. d5 Rfe8 16. dxe6 Qxe6 17. Qxe6 fxe6 18. Nd4 Nc5 19. Bb1 Bf8 20. Re1 Rad8 21. Rcd1 Kf7 22. Ba2 Bc8 23. b4 Nb7 24. Ne4 Nxe4 25. Rxe4 Rd6 26. Rde1 h6 27. Bf4 Rb6 28. h4 Nd8 29. Nf3 Bb7 30. Ne5+ Kg8 31. Rd4 Nc6 32. Nxc6 Rxc6 33. Rd7 Bc8 34. Ra7 Rc2 35. Bb3 Rc3 36. Rb1 Kh8 37. Be5 Rd3 38. Bc2 Rd7 39. Ra8 Rdd8 40. Bg6 Re7 41. Rc1 Red7 42. Rcxc8 Rd1+ 43. Kh2 Rxc8 44. Rxc8 Kg8 45. Ra8 Rd5 46. Bf4 Rd4 47. Be3 Rd6 48. Bc5 Rd8 49. Rxd8 1-0


[Site "https://www.chess.com"]

[Event "Titled Tuesday Blitz November 14 Late 2023"]
[White "Cooper, Aaron"]
[Black "Koutlas, Nikolaos"]
[WhiteFideId "2634945"]
[BlackFideId "25827138"]
[WhiteElo "2278"]
[BlackElo "2503"]
[Result "1-0"]
[Round "2"]
[TimeControl "180+1"]
[Date "2023.11.14"]
[WhiteClock "0:00:09"]
[BlackClock "0:00:01"]
[Board "142"]

1. b4 Nf6 2. Bb2 e6 3. a3 a5 4. b5 d6 5. e3 e5 6. c4 Be7 7. Nc3 O-O 8. Nf3 Nbd7 9. d4 Re8 10. Be2 Bf8 11. O-O exd4 12. exd4 Nb6 13. Rc1 Bg4 14. Bd3 d5 15. c5 Nc4 16. Bxc4 dxc4 17. h3 Bh5 18. Ne2 Bxf3 19. gxf3 Qd5 20. Ng3 Rad8 21. Kg2 h5 22. h4 b6 23. Qc2 bxc5 24. dxc5 Qe6 25. Qxc4 Nd5 26. Ne4 Nf4+ 27. Kg3 Qf5 28. Ng5 Ne2+ 29. Kg2 Nxc1 30. Rxc1 Rd5 31. c6 Rxb5 32. Nxf7 Rd5 33. Ng5 Kh8 34. Bc3 Bd6 35. Bxa5 Rxa5 36. Rd1 Be5 37. Rd5 Bf4 38. Rxf5 Rxf5 39. Qd3 Rf6 40. Qh7# 1-0


[Site "https://www.chess.com"]

[Event "Titled Tuesday Blitz November 14 Late 2023"]
[White "Kochiev, Ivan"]
[Black "Clawitter, Craig"]
[WhiteFideId "2917890"]
[BlackFideId "2023105"]
[WhiteElo "2503"]
[BlackElo "2274"]
[Result "1-0"]
[Round "2"]
[TimeControl "180+1"]
[Date "2023.11.14"]
[WhiteClock "0:00:08"]
[BlackClock "0:00:06"]
[Board "143"]

1. e4 e6 2. d4 d5 3. Nd2 Be7 4. c3 c5 5. exd5 Qxd5 6. Ngf3 cxd4 7. Bc4 Qd8 8. Nxd4 Nf6 9. O-O O-O 10. Qf3 a6 11. Ne4 Qc7 12. Bd3 Nbd7 13. Bf4 e5 14. Bg3 Re8 15. Rfe1 Bf8 16. Nf5 Nxe4 17. Qxe4 Nf6 18. Qh4 Bxf5 19. Bxf5 Rad8 20. Qh3 Rd2 21. Bh4 Be7 22. Rad1 Rxd1 23. Rxd1 g6 24. Bc2 Rd8 25. Qf3 Rxd1+ 26. Qxd1 Kg7 27. Bg3 Qd6 28. h4 Qxd1+ 29. Bxd1 Bd6 30. Bf3 b6 31. b4 a5 32. a3 axb4 33. axb4 Nd7 34. Bc6 Nf8 35. f3 Ne6 36. Bf2 Bc7 37. g3 f5 38. Kf1 Kf6 39. Ke2 f4 40. g4 g5 41. h5 h6 42. Be4 Ng7 43. Kd3 Ne6 44. Kc4 Bd8 45. Kb5 Nc7+ 46. Kc6 Ne6 47. Bxb6 Bxb6 48. Kxb6 Nd4 49. cxd4 exd4 50. Kc5 Ke5 51. Kc4 d3 52. Kxd3 Kd6 53. Kd4 Kc7 54. Ke5 Kb6 55. Kf6 1-0


[Site "https://www.chess.com"]

[Event "Titled Tuesday Blitz November 14 Late 2023"]
[White "Martynenko, Ivan"]
[Black "Erzhanov, Arman"]
[WhiteFideId "2053179"]
[BlackFideId "4138821"]
[WhiteElo "2272"]
[BlackElo "2502"]
[Result "0-1"]
[Round "2"]
[TimeControl "180+1"]
[Date "2023.11.14"]
[WhiteClock "0:00:14"]
[BlackClock "0:01:13"]
[Board "144"]

1. e4 d6 2. d4 Nf6 3. Nc3 c6 4. f3 d5 5. e5 Ng8 6. Bf4 h5 7. Qd2 g6 8. h4 Bh6 9. Nh3 Bxh3 10. Rxh3 Bxf4 11. Qxf4 e6 12. Bd3 Nd7 13. Rg3 Ne7 14. Rh3 a6 15. O-O-O Qa5 16. g4 c5 17. dxc5 Nxc5 18. Qf6 Rh7 19. gxh5 Rxh5 20. Rg3 Nd7 21. Qg7 Qb6 22. Rxg6 Qe3+ 23. Kb1 Qxe5 24. Rg5 Qxg7 25. Rxg7 Rxh4 26. Rdg1 Kf8 27. Bh7 Nf6 28. Bd3 Ng6 29. R7xg6 fxg6 30. Bxg6 Ke7 31. b3 Rg8 0-1


[Site "https://www.chess.com"]

[Event "Titled Tuesday Blitz November 14 Late 2023"]
[White "Mekhane, Adam"]
[Black "Kohler, Aran"]
[WhiteFideId "36050601"]
[BlackFideId "1002856"]
[WhiteElo "2498"]
[BlackElo "2270"]
[Result "0-1"]
[Round "2"]
[TimeControl "180+1"]
[Date "2023.11.14"]
[WhiteClock "0:00:00"]
[BlackClock "0:00:20"]
[Board "145"]

1. e4 c6 2. d4 d5 3. exd5 cxd5 4. Bd3 Nc6 5. c3 a6 6. Nf3 Bg4 7. O-O Nf6 8. Nbd2 e6 9. h3 Bxf3 10. Nxf3 Bd6 11. Re1 Qc7 12. Ne5 Nxe5 13. dxe5 Bxe5 14. Qa4+ Ke7 15. Bg5 b5 16. Qb4+ Bd6 17. Qh4 h6 18. Be3 g5 19. Qd4 Be5 20. Qb6 Qxb6 21. Bxb6 Bd6 22. f3 Rhg8 23. Bd4 Nd7 24. a4 b4 25. a5 Bc5 26. Kf2 bxc3 27. bxc3 Bxd4+ 28. cxd4 Rgb8 29. Rab1 Rxb1 30. Rxb1 Rb8 31. Rc1 Rb2+ 32. Kg3 Ra2 33. Bxa6 Rxa5 34. Bc8 Nf6 35. Rc7+ Kf8 36. h4 Ra2 37. hxg5 hxg5 38. Bb7 Kg7 39. Bc8 Kg6 40. Rb7 Nh5+ 41. Kh2 Nf4 42. Bd7 Rxg2+ 43. Kh1 f5 44. Be8+ Kh6 45. Re7 Rd2 46. Bf7 Rxd4 47. Bxe6 Rd1+ 48. Kh2 Re1 49. Re8 Rxe6 50. Rh8+ Kg7 0-1


[Site "https://www.chess.com"]

[Event "Titled Tuesday Blitz November 14 Late 2023"]
[White "Hajiyev, Kanan"]
[Black "ilya2700"]
[WhiteFideId "13404148"]
[WhiteElo "2495"]
[BlackElo "2268"]
[Result "1-0"]
[Round "2"]
[TimeControl "180+1"]
[Date "2023.11.14"]
[WhiteClock "0:02:11"]
[BlackClock "0:00:00"]
[Board "146"]

1. d4 Nf6 2. c4 g6 3. Nf3 Bg7 4. g3 O-O 5. Bg2 d6 6. O-O c5 7. b3 a5 8. Nc3 Bf5 9. Bb2 Ne4 10. Nh4 Nxc3 11. Bxc3 Nc6 12. Nxf5 gxf5 13. e3 e6 14. Qd2 a4 15. Rfd1 axb3 16. axb3 Qb6 17. dxc5 dxc5 18. Bxg7 Kxg7 19. Qc3+ Kg8 20. h4 Qb4 21. Qf6 Qxb3 22. h5 Rfd8 23. Rxd8+ Rxd8 24. h6 Rd1+ 25. Bf1 1-0


[Site "https://www.chess.com"]

[Event "Titled Tuesday Blitz November 14 Late 2023"]
[White "Kopacz, Grzegorz"]
[Black "Kanyamarala, Trisha"]
[WhiteFideId "1109880"]
[BlackFideId "45004722"]
[WhiteElo "2266"]
[BlackElo "2495"]
[Result "1/2-1/2"]
[Round "2"]
[TimeControl "180+1"]
[Date "2023.11.14"]
[WhiteClock "0:00:34"]
[BlackClock "0:00:24"]
[Board "147"]

1. c4 e5 2. Nc3 Bb4 3. Qb3 a5 4. a3 Bc5 5. e3 Nc6 6. Nge2 d6 7. g3 Nf6 8. Bg2 O-O 9. O-O Rb8 10. Bxc6 bxc6 11. Qxb8 Bb6 12. Na4 Qe7 13. Nxb6 cxb6 14. Qxb6 Bh3 15. d3 Rc8 16. Bd2 Qe6 17. f3 Bxf1 18. Rxf1 d5 19. e4 Qh3 20. Qf2 Rd8 21. Bxa5 Ra8 22. Bb4 h5 23. cxd5 cxd5 24. Rc1 dxe4 25. dxe4 Rd8 26. Be7 Rd2 27. Bxf6 gxf6 28. b4 h4 29. Rb1 Qd7 30. b5 h3 31. g4 Qd3 32. Re1 Qxb5 33. Kf1 Rd3 34. Qg3 Qb3 35. Kf2 Qb6+ 36. Kf1 Qb3 37. Ng1 Qc4 38. Ne2 Qb3 1/2-1/2


[Site "https://www.chess.com"]

[Event "Titled Tuesday Blitz November 14 Late 2023"]
[White "Ventura Bolet, Maxim"]
[Black "Perry, Patrick"]
[WhiteFideId "22238824"]
[BlackFideId "30917727"]
[WhiteElo "2495"]
[BlackElo "2254"]
[Result "1/2-1/2"]
[Round "2"]
[TimeControl "180+1"]
[Date "2023.11.14"]
[WhiteClock "0:00:07"]
[BlackClock "0:01:44"]
[Board "148"]

1. e4 Nf6 2. e5 Nd5 3. d4 d6 4. Nf3 Bg4 5. h3 Bxf3 6. Qxf3 c6 7. c4 Nc7 8. Nc3 dxe5 9. dxe5 Nd7 10. Bf4 Ne6 11. O-O-O Qa5 12. Bd3 Nxe5 13. Bxe5 Qxe5 14. Rhe1 Qf6 15. Qe3 g6 16. Ne4 Qe5 17. g3 Bg7 18. Qd2 O-O 19. f4 Qc7 20. Qc2 Nd4 21. Qf2 Rad8 22. Kb1 Qb6 23. Nc3 e6 24. Rd2 c5 25. Red1 Qa5 26. g4 a6 27. f5 exf5 28. gxf5 Qb6 29. Nd5 Rxd5 30. cxd5 Qd6 31. fxg6 fxg6 32. Qg2 Nf3 33. Rc2 b5 34. Be4 Nd4 35. Rf2 Re8 36. Rdf1 Qe5 37. d6 Qxd6 38. Bd5+ Kh8 39. h4 Nf5 40. Rxf5 gxf5 41. h5 Re5 42. Bb3 c4 43. Bc2 Qe6 44. Qa8+ Qe8 45. Qxe8+ Rxe8 46. Bxf5 Rf8 47. Bh3 Rxf1+ 48. Bxf1 Bd4 49. a4 Kg7 50. axb5 axb5 51. Kc2 Kh6 52. b3 cxb3+ 53. Kxb3 Kxh5 54. Bxb5 h6 55. Bc6 Be5 56. Kc4 Kg5 57. Kd3 Kf4 58. Ke2 Kg3 59. Kf1 Bd4 60. Be8 h5 61. Bxh5 1/2-1/2


[Site "https://www.chess.com"]

[Event "Titled Tuesday Blitz November 14 Late 2023"]
[White "Kuznecovs, Nikita"]
[Black "Dodaro, Mattia"]
[WhiteFideId "11604557"]
[BlackFideId "28583400"]
[WhiteElo "2493"]
[BlackElo "2242"]
[Result "1-0"]
[Round "2"]
[TimeControl "180+1"]
[Date "2023.11.14"]
[WhiteClock "0:00:26"]
[BlackClock "0:00:17"]
[Board "149"]

1. Nf3 Nf6 2. c4 d6 3. d4 g6 4. g3 Bg7 5. Bg2 O-O 6. O-O Nbd7 7. Nc3 c6 8. e4 e5 9. h3 Qc7 10. Be3 Re8 11. Qc2 exd4 12. Nxd4 Nc5 13. Rfe1 Be6 14. Nxe6 Nxe6 15. f4 Rad8 16. Rad1 Qa5 17. Bf3 Nd7 18. a3 Bxc3 19. bxc3 Ndc5 20. f5 Ng7 21. Bg5 Rd7 22. g4 a6 23. h4 Qxa3 24. h5 Qa5 25. h6 Nge6 26. fxe6 Nxe6 27. Bf6 Ng5 28. Bg2 Re6 29. e5 Qc5+ 30. Qf2 Rxf6 31. Qxc5 1-0


[Site "https://www.chess.com"]

[Event "Titled Tuesday Blitz November 14 Late 2023"]
[White "Rich, Albert J"]
[Black "Golubenko, Valentina"]
[WhiteFideId "2028735"]
[BlackFideId "4501993"]
[WhiteElo "2492"]
[BlackElo "2231"]
[Result "1-0"]
[Round "2"]
[TimeControl "180+1"]
[Date "2023.11.14"]
[WhiteClock "0:00:02"]
[BlackClock "0:00:00"]
[Board "150"]

1. d4 Nf6 2. Nc3 c5 3. d5 d6 4. e4 g6 5. Bb5+ Bd7 6. a4 a6 7. Be2 Bg7 8. f4 e6 9. dxe6 Bxe6 10. Nf3 O-O 11. O-O Nc6 12. f5 gxf5 13. Bg5 Qc7 14. Nh4 Nxe4 15. Nxe4 fxe4 16. Nf5 Bxf5 17. Rxf5 Nd4 18. Bg4 Rae8 19. c3 Nc6 20. Qd2 Ne5 21. Bh3 f6 22. Bf4 Nc4 23. Qe2 Qf7 24. Rf1 e3 25. Bg4 Nd2 26. Rd1 Kh8 27. Bh5 Qe6 28. g4 Re7 29. Re1 Qe4 30. Bxd6 Bh6 31. Bxc5 Rfe8 32. Bxe7 Rxe7 33. Rxf6 Bg5 34. Rf5 Bf4 35. Rf1 Nxf1 36. Qxf1 e2 37. Qe1 Be3+ 38. Rf2 Bxf2+ 39. Kxf2 Qe3+ 40. Kg2 Qe4+ 41. Kg3 Qe3+ 42. Kh4 Re6 43. c4 h6 44. b4 Qg5+ 45. Kh3 Re3+ 46. Kg2 Qf4 47. b5 Qf3+ 48. Kg1 Qf4 49. bxa6 Re4 50. axb7 Qe3+ 51. Kg2 Re8 52. a5 Qe4+ 53. Kg1 Qe3+ 54. Kg2 Qe4+ 55. Kg1 Qxb7 56. Bxe8 Qa7+ 57. Kg2 Qa8+ 58. Kg3 Qxe8 59. Kf2 Qf8+ 60. Kxe2 Qe7+ 61. Kd2 Qd6+ 62. Kc2 Qc5 63. Qc3+ Kh7 64. Kb3 Qc6 65. Qe5 Qf3+ 66. Kb4 Qxg4 67. a6 Qd1 68. a7 Qb1+ 69. Kc5 Qg1+ 70. Qd4 Qg5+ 71. Kb4 1-0


[Site "https://www.chess.com"]

[Event "Titled Tuesday Blitz November 14 Late 2023"]
[White "Cruz Mendez, Jean Marco"]
[Black "Lock, Gavin R"]
[WhiteFideId "3526402"]
[BlackFideId "408646"]
[WhiteElo "2487"]
[BlackElo "2231"]
[Result "0-1"]
[Round "2"]
[TimeControl "180+1"]
[Date "2023.11.14"]
[WhiteClock "0:01:23"]
[BlackClock "0:01:00"]
[Board "151"]

1. e4 c6 2. d4 d5 3. exd5 cxd5 4. Bd3 Nc6 5. c3 Nf6 6. Bf4 Bg4 7. Qb3 Qd7 8. Nd2 e6 9. Ngf3 Bd6 10. Ne5 Qc7 11. Nxg4 Bxf4 12. Nxf6+ gxf6 13. Nf3 O-O 14. O-O Kh8 15. Qd1 Rg8 16. Kh1 f5 17. Qe2 Rg6 18. g3 Bd6 19. Rac1 Rg4 20. c4 dxc4 21. Rxc4 Qa5 22. h3 Rgg8 23. Rfc1 Rad8 24. Kh2 f4 25. g4 Ne7 26. Qe4 Ng6 27. Ng5 Qxg5 0-1


[Site "https://www.chess.com"]

[Event "Titled Tuesday Blitz November 14 Late 2023"]
[White "Silvestre, Christian"]
[Black "Suarez Uriel, Adrian"]
[WhiteFideId "30956269"]
[BlackFideId "22230874"]
[WhiteElo "2224"]
[BlackElo "2486"]
[Result "1-0"]
[Round "2"]
[TimeControl "180+1"]
[Date "2023.11.14"]
[WhiteClock "0:00:19"]
[BlackClock "0:00:15"]
[Board "152"]

1. e4 c5 2. c3 d5 3. exd5 Nf6 4. d4 cxd4 5. cxd4 Nxd5 6. Nf3 Nc6 7. Be2 Bf5 8. O-O e6 9. Nc3 Be7 10. Be3 O-O 11. Rc1 Rc8 12. Qa4 a6 13. Rfd1 Bg6 14. Qb3 Nxe3 15. fxe3 b5 16. a4 b4 17. Nb1 Na5 18. Qa2 b3 19. Qa1 Qb6 20. Na3 Bc2 21. Rf1 Bf6 22. Ne1 Be4 23. Bd3 Bxd4 24. Rxc8 Bxe3+ 25. Kh1 Bxg2+ 26. Nxg2 Rxc8 27. Qe1 Bh6 28. Qe2 g6 29. Bxa6 Rd8 30. Bd3 Bg7 31. Nb5 Nc6 32. Bc4 Nd4 33. Qf2 Rd7 34. Bxb3 Qb8 35. Bc4 h5 36. b3 Qe5 37. Nxd4 Qxd4 38. Qxd4 Bxd4 39. a5 Kg7 40. a6 e5 41. Ne1 f5 42. Nf3 Bc3 43. Rc1 Bb2 44. Rc2 Ba1 45. Ra2 Rd1+ 46. Kg2 e4 47. Ng5 Bd4 48. Ne6+ Kf6 49. Nxd4 Rxd4 50. a7 1-0


[Site "https://www.chess.com"]

[Event "Titled Tuesday Blitz November 14 Late 2023"]
[White "Chemin, Justo Reinaldo"]
[Black "Jesseinkman"]
[WhiteFideId "2101580"]
[WhiteElo "2214"]
[BlackElo "2484"]
[Result "0-1"]
[Round "2"]
[TimeControl "180+1"]
[Date "2023.11.14"]
[WhiteClock "0:00:00"]
[BlackClock "0:00:02"]
[Board "153"]

1. e4 e5 2. Nf3 Nc6 3. Bb5 a6 4. Ba4 Nf6 5. Bxc6 dxc6 6. d3 Bc5 7. Bg5 h6 8. Bh4 Qe7 9. Nbd2 b5 10. Bg3 Bd6 11. Qe2 Nh5 12. O-O Nxg3 13. hxg3 O-O 14. Nh4 g6 15. c3 c5 16. Rae1 Kg7 17. d4 cxd4 18. cxd4 c5 19. d5 c4 20. Ndf3 Bd7 21. Nh2 h5 22. N4f3 Rac8 23. Nd2 h4 24. gxh4 Qxh4 25. g3 Qh6 26. f4 exf4 27. e5 Bc5+ 28. Kh1 fxg3 29. e6 Rh8 30. Qe5+ Kg8 31. Qxg3 fxe6 32. Rf6 Qxh2+ 33. Qxh2 Rxh2+ 34. Kxh2 exd5 35. Rxg6+ Kf7 36. Rg5 Rh8+ 37. Kg3 Be6 38. Rf1+ Ke7 39. Rg7+ Kd8 40. Re1 Bd6+ 41. Kg2 Bd7 42. Nf3 Re8 43. Rxe8+ Bxe8 44. Nd4 Bd7 45. Rg8+ Kc7 46. Rg7 Be5 47. Ne6+ Kd6 48. Nf8 Bxg7 49. Nxd7 Kxd7 0-1


[Site "https://www.chess.com"]

[Event "Titled Tuesday Blitz November 14 Late 2023"]
[White "Sztokbant, Bernardo Vainzoff"]
[Black "Broca Jimenez, Fernando"]
[WhiteFideId "2115956"]
[BlackFideId "5104742"]
[WhiteElo "2482"]
[BlackElo "2211"]
[Result "1-0"]
[Round "2"]
[TimeControl "180+1"]
[Date "2023.11.14"]
[WhiteClock "0:00:15"]
[BlackClock "0:00:09"]
[Board "154"]

1. e4 c5 2. Nf3 g6 3. Bc4 Nc6 4. O-O Bg7 5. c3 Nf6 6. Re1 O-O 7. e5 Ng4 8. d4 cxd4 9. cxd4 d5 10. Bb3 Nh6 11. Nc3 Bg4 12. Bxd5 Bxf3 13. gxf3 Rc8 14. Be3 Nf5 15. Qd2 e6 16. Bxc6 Rxc6 17. Ne4 h6 18. Rad1 Kh7 19. d5 exd5 20. Qxd5 Qe7 21. Bf4 Nh4 22. Re3 Rfc8 23. h3 Nf5 24. Rc3 Rxc3 25. bxc3 Qh4 26. Bh2 Qh5 27. Qxf7 Qxf3 28. Re1 Rd8 29. Nf6+ Kh8 30. Qxg6 Nh4 31. Qh7# 1-0


[Site "https://www.chess.com"]

[Event "Titled Tuesday Blitz November 14 Late 2023"]
[White "Vila Dupla, Aurelio"]
[Black "Keleberda, Tymur"]
[WhiteFideId "2203383"]
[BlackFideId "14174294"]
[WhiteElo "2211"]
[BlackElo "2479"]
[Result "1-0"]
[Round "2"]
[TimeControl "180+1"]
[Date "2023.11.14"]
[WhiteClock "0:00:12"]
[BlackClock "0:00:00"]
[Board "155"]

1. Nf3 Nf6 2. d4 e6 3. g3 b6 4. Bg2 Bb7 5. O-O Be7 6. b3 O-O 7. Bb2 d6 8. c4 c5 9. Nc3 cxd4 10. Qxd4 Nc6 11. Qf4 Qc7 12. Rfd1 a6 13. Rac1 Ne5 14. Nxe5 dxe5 15. Qd2 Rfd8 16. Qc2 Bxg2 17. Kxg2 Qc6+ 18. f3 Ng4 19. Rxd8+ Rxd8 20. Qe4 Qxe4 21. Nxe4 Ne3+ 22. Kf2 Nf5 23. Bxe5 Rd7 24. Rc2 f6 25. Bb2 e5 26. Rd2 Bc5+ 27. Kg2 Ne3+ 28. Kh3 Bd4 29. Bxd4 exd4 30. Nf2 f5 31. Nd1 Rd6 32. Nxe3 Rh6+ 33. Kg2 dxe3 34. Rd5 Re6 35. Rxf5 g6 36. Rf4 Rd6 37. Re4 Rd2 38. Rxe3 Rxa2 39. Kf2 Rb2 40. h4 Kf7 41. f4 Kf6 42. g4 a5 43. Kf3 Rb1 44. g5+ Kf7 45. Rd3 Ke6 46. Ke4 Rb2 47. e3 Rh2 48. Rd8 Rb2 49. Rd3 Rh2 50. Rc3 Rxh4 51. c5 bxc5 52. Rxc5 h5 53. gxh6 Rxh6 54. Rxa5 Rh1 55. Ra6+ Kf7 56. Ra7+ Kf6 57. Ra6+ Kf7 58. Kd4 Rd1+ 59. Kc5 Re1 60. Kd4 Rd1+ 61. Ke4 Rb1 62. Rb6 Rb2 63. b4 Rb3 64. Rb7+ Ke6 65. Rb6+ Kf7 66. Kf3 Kg7 67. Rb7+ Kf6 68. b5 Rb1 69. b6 Rb4 70. Rb8 Kg7 71. b7 Rb6 72. Ke4 Rb3 73. Kd5 Rb5+ 74. Kc6 Rb3 75. Rc8 Rc3+ 76. Kd7 Rxe3 77. b8=Q Re4 78. Rg8+ 1-0


[Site "https://www.chess.com"]

[Event "Titled Tuesday Blitz November 14 Late 2023"]
[White "Willy, Stephen"]
[Black "Rodriguez Dominguez, Melissa"]
[WhiteFideId "30981468"]
[BlackFideId "3517560"]
[WhiteElo "2475"]
[BlackElo "2210"]
[Result "0-1"]
[Round "2"]
[TimeControl "180+1"]
[Date "2023.11.14"]
[WhiteClock "0:00:02"]
[BlackClock "0:00:24"]
[Board "156"]

1. e4 c5 2. Nf3 e6 3. Nc3 Nc6 4. d4 cxd4 5. Nxd4 Qc7 6. Be3 a6 7. Be2 Nf6 8. O-O Bb4 9. Na4 O-O 10. c3 Be7 11. f3 b5 12. Nxc6 Qxc6 13. Nb6 Rb8 14. Nxc8 Rbxc8 15. Qe1 d5 16. e5 Nd7 17. Bd4 Bc5 18. Bd3 Bxd4+ 19. cxd4 Qb6 20. Qf2 Rc7 21. h3 Rfc8 22. Kh1 a5 23. Qh4 g6 24. Qf4 b4 25. h4 Nb8 26. h5 Nc6 27. h6 Qxd4 28. Qf6 Qxe5 29. Qh4 Qxb2 30. Rac1 Qd4 31. Qxd4 Nxd4 32. Rcd1 Nc2 33. Rd2 Ne3 34. Re1 Rc1 35. Re2 Rxe1+ 36. Rxe1 Nc4 37. g4 Kf8 38. f4 Ke7 39. f5 gxf5 40. gxf5 Kd6 41. f6 e5 42. Rg1 e4 43. Be2 Ne5 44. Rg7 Rc1+ 45. Kg2 Rc2 46. Kf2 d4 47. Ke1 d3 48. Bd1 Rh2 49. Rxh7 e3 50. Kf1 e2+ 51. Bxe2 dxe2+ 52. Kg1 Nf3# 0-1


[Site "https://www.chess.com"]